Map: Cactus Valley LE (Void)

Players

Snute

  • Race: Zerg Zerg
  • Spawn Location: 7:00

Kelazhur - Winner!

  • Race: Terran Terran
  • Spawn Location: 1:00

Event: WCS Austin 2017

VOD

Have the link to the VOD?

Description

Time

  • Played on: April 29, 2017, 5:44 p.m.
  • Length: 19:33

All games in this series

Show
View Real Time Build Order
Export as new Build Order

Snute Zerg 

Build Orders: Pool First 

Get SALT Encoding   

  12  0:00  Drone  
  13  0:12  Overlord  
  13  0:17  Drone  
  14  0:30  Drone x2  
  14  0:34  Drone  
  17  0:44  Spawning Pool  
  17  0:47  Drone  
  17  1:09  Hatchery  
  17  1:11  Drone  
  17  1:13  Drone  
  17  1:15  Extractor  
  17  1:18  Drone  
  18  1:31  Queen  
  18  1:32  Zergling x2  
  21  1:38  Overlord  
  21  1:49  Drone  
  22  2:01  Drone  
  22  2:06  Queen  
  25  2:11  Drone  
  26  2:16  Metabolic Boost  
  26  2:21  Queen  
  26  2:22  Drone x2  
  30  2:36  Drone x2  
  31  2:40  Drone x3  
  34  2:54  Hatchery  
  34  2:56  Zergling x2  
  34  2:59  Zergling x4  
  34  3:04  Overlord  
  36  3:13  Overlord  
  36  3:25  Zergling x8  
  40  3:31  Zergling x4  
  40  3:32  Queen x2  
  46  3:39  Zergling x6  
  46  3:57  Zergling x12  
  52  4:09  Drone  
  54  4:10  Drone x4  
  57  4:20  Overlord  
  52  4:33  Drone  
  52  4:34  Drone  
  52  4:35  Drone x2  
  52  4:37  Drone  
  52  4:38  Drone x2  
  53  4:39  Drone  
  53  4:42  Drone x5  
  53  4:43  Drone x2  
  60  4:46  Queen x2  
  60  4:47  Overlord  
  60  4:49  Drone  
  65  4:55  Overlord  
  65  5:07  Drone x3  
  67  5:08  Drone  
  67  5:10  Drone  
  67  5:11  Drone x3  
  73  5:15  Extractor, Drone, Queen  
  75  5:24  Zergling x4  
  75  5:26  Queen  
  75  5:27  Queen, Overlord x2  
  81  5:38  Roach Warren  
  81  5:42  Evolution Chamber x2, Overlord  
  78  5:47  Drone x4  
  78  5:48  Drone  
  83  5:55  Queen  
  85  6:00  Overlord  
  85  6:02  Queen, Overlord  
  85  6:04  Extractor, Drone x6  
  87  6:05  Extractor  
  87  6:09  Extractor  
  87  6:10  Zerg Missile Weapons Level 1, Zerg Ground Armor Level 1  
  90  6:12  Drone x2  
  90  6:15  Drone  
  90  6:18  Drone x2  
  95  6:19  Drone x2  
  95  6:20  Extractor  
  96  6:28  Queen  
  96  6:29  Overlord x3  
  96  6:30  Queen  
  100  6:33  Overlord  
  100  6:34  Overlord  
  100  6:45  Lair  
  100  6:47  Roach x2  
  100  6:50  Hatchery  
  100  6:52  Roach x3  
  109  6:57  Roach x3  
  109  7:01  Roach x2  
  119  7:05  Roach x2  
  123  7:11  Roach x4  
  123  7:14  Roach x2  
  133  7:18  Ravager x2  
  133  7:19  Ravager  
  133  7:20  Ravager, Overlord  
  137  7:25  Roach x3  
  143  7:31  Roach x4  
  151  7:38  Drone  
  151  7:39  Drone x4  
  151  7:42  Drone x3  
  159  7:45  Roach  
  159  7:49  Overlord  
  160  7:52  Overlord  
  160  7:55  Glial Reconstitution  
  160  7:58  Infestation Pit  
  159  8:01  Drone x2  
  159  8:05  Zerg Missile Weapons Level 2, Zerg Ground Armor Level 2  
  161  8:09  Extractor  
  161  8:11  Overlord  
  161  8:12  Extractor  
  159  8:14  Roach  
  159  8:15  Roach x4  
  165  8:36  Extractor  
  165  8:40  Infestor x3  
  170  8:51  Zergling x12  
  170  8:52  Zergling x22  
  187  8:55  Hive  
  181  9:07  Drone x3  
  181  9:08  Drone, Overlord  
  185  9:11  Burrow  
  185  9:14  Drone x3  
  188  9:17  Infestor  
  188  9:21  Ravager x2  
  187  9:37  Roach x14  
  193  9:59  Overlord  
  187  10:05  Hatchery  
  186  10:10  Adrenal Glands  
  186  10:11  Ultralisk Cavern  
  173  10:38  Roach  
  173  10:39  Roach x8  
  166  10:50  Overseer x2  
  166  10:59  Ravager  
  166  11:00  Chitinous Plating, Ravager  
  166  11:01  Ultralisk x3  
  166  11:03  Zerg Melee Weapons Level 1  
  186  11:14  Queen x2  
  190  11:25  Extractor, Hatchery  
  184  11:37  Ultralisk x2  
  172  11:48  Drone x2  
  172  11:49  Drone x5  
  180  11:55  Hatchery  
  180  11:56  Ultralisk  
  180  12:00  Zerg Ground Armor Level 3  
  185  12:05  Ravager x2  
  185  12:06  Ravager  
  188  12:08  Overseer  
  188  12:11  Queen x2  
  192  12:17  Ravager x2  
  192  12:20  Ravager  
  195  12:23  Zergling x10  
  194  12:37  Queen x2  
  198  12:47  Queen  
  198  12:48  Zergling x2  
  200  12:59  Zerg Melee Weapons Level 2  
  196  13:07  Hatchery  
  196  13:10  Ravager x4  
  184  13:38  Zergling x22  
  184  13:39  Zergling x8  
  199  13:53  Roach  
  199  13:54  Roach x4  
  194  13:57  Hatchery  
  194  13:59  Infestor x3  
  185  14:38  Ultralisk x6  
  178  14:40  Roach x8  
  159  14:51  Roach  
  159  14:52  Roach x4  
  158  14:58  Infestor  
  149  15:03  Ravager x3  
  140  15:11  Infestor  
  135  15:33  Hatchery  
  134  15:39  Ravager x4  
  138  15:52  Ravager  
  138  15:57  Zergling x14  
  146  16:11  Queen x2  
  138  16:18  Infestor  
  138  16:24  Infestor  
  142  16:29  Infestor  
  144  16:50  Drone x4  
  148  16:58  Queen x2  
  149  17:13  Ultralisk  
  145  17:32  Infestor x2  
  120  18:07  Ravager x2  
  119  18:13  Ultralisk x3  
  126  18:25  Roach  
  126  18:26  Roach x4  
  130  18:52  Hatchery  
  130  18:53  Ravager x2  
  120  19:00  Roach x6  
  132  19:07  Ravager  
Show
View Real Time Build Order
Export as new Build Order

Kelazhur Terran - Winner!

Build Orders: MMM Bio 

Get SALT Encoding   

  12  0:00  SCV  
  13  0:12  SCV  
  14  0:17  Supply Depot  
  14  0:25  SCV  
  15  0:38  SCV  
  15  0:40  Barracks  
  16  0:43  Refinery  
  16  0:50  SCV  
  17  0:59  Barracks  
  17  1:03  SCV  
  18  1:09  Refinery  
  18  1:15  SCV  
  19  1:27  Barracks Reactor  
  19  1:30  Orbital Command  
  19  1:44  Supply Depot  
  19  1:45  Barracks Reactor  
  19  1:55  SCV  
  20  2:03  Reaper x2  
  20  2:08  Supply Depot, SCV  
  23  2:20  SCV  
  23  2:21  Reaper x2  
  26  2:32  SCV  
  26  2:35  Reaper  
  28  2:42  Reaper  
  30  2:44  SCV  
  30  2:53  Reaper  
  30  2:54  Command Center  
  30  2:58  Reaper  
  32  3:03  Supply Depot  
  32  3:06  SCV  
  32  3:09  Reaper  
  34  3:16  Reaper  
  34  3:19  SCV  
  36  3:38  Reaper  
  36  3:40  SCV  
  36  3:41  Reaper  
  39  3:48  Command Center  
  39  3:50  Reaper x2  
  39  3:52  SCV  
  41  4:01  Supply Depot  
  41  4:04  SCV  
  41  4:09  Orbital Command  
  42  4:10  Reaper  
  42  4:16  SCV  
  44  4:24  Reaper  
  45  4:29  SCV  
  45  4:35  Reaper x2  
  45  4:37  SCV  
  41  4:41  SCV  
  41  4:45  Barracks  
  41  4:47  Reaper  
  41  4:49  SCV  
  43  4:53  SCV  
  43  4:59  Marine  
  45  5:00  Orbital Command  
  45  5:01  SCV  
  45  5:05  SCV  
  45  5:06  Factory  
  47  5:13  SCV, Marine x2  
  50  5:17  Marine  
  50  5:20  Engineering Bay  
  51  5:21  Engineering Bay  
  51  5:24  SCV  
  52  5:29  SCV x2  
  54  5:36  SCV  
  54  5:37  Barracks Tech Lab  
  54  5:38  Marine x4  
  54  5:41  SCV  
  60  5:44  SCV  
  60  5:47  Terran Infantry Weapons Level 1, Terran Infantry Armor Level 1  
  60  5:48  SCV, Refinery  
  62  5:52  Refinery  
  62  5:53  SCV  
  62  5:55  Marine x2  
  62  5:56  SCV  
  66  5:59  Marine x2  
  66  6:00  SCV  
  66  6:01  Marine  
  66  6:02  Stimpack  
  70  6:05  SCV  
  70  6:08  SCV  
  72  6:13  Marine  
  72  6:14  Marine  
  72  6:15  Starport  
  72  6:16  Marine  
  75  6:19  Factory Reactor  
  75  6:20  SCV  
  75  6:21  Supply Depot x2, SCV  
  75  6:25  Marine x2  
  79  6:26  Orbital Command  
  79  6:32  SCV  
  79  6:33  SCV  
  79  6:36  Marine x3  
  84  6:43  Armory  
  84  6:45  SCV x2  
  84  6:46  Barracks  
  86  6:47  Barracks  
  86  6:48  Marine  
  86  6:52  SCV  
  88  6:56  Marine x2  
  88  6:57  SCV, Marine  
  88  6:58  SCV  
  88  7:01  Factory Reactor  
  93  7:04  Medivac x2, SCV  
  93  7:07  Supply Depot  
  98  7:09  SCV  
  98  7:10  SCV  
  98  7:14  Marine  
  101  7:18  Supply Depot  
  101  7:20  Supply Depot  
  101  7:28  Marine x3  
  101  7:29  Marauder, SCV x3  
  109  7:32  Supply Depot  
  109  7:35  Barracks Reactor x2  
  109  7:39  Medivac x2, Marine  
  117  7:44  Supply Depot  
  117  7:46  Supply Depot  
  117  7:49  Terran Infantry Weapons Level 2  
  112  7:54  Marine  
  112  7:55  Marine  
  112  7:57  Marauder, Marine  
  112  7:58  Terran Infantry Armor Level 2  
  117  8:01  Widow Mine x2  
  117  8:03  Marine  
  122  8:10  Supply Depot  
  122  8:11  Marine  
  124  8:12  SCV  
  124  8:13  SCV x2  
  124  8:14  Command Center, Refinery  
  124  8:15  Marine x6  
  124  8:16  Combat Shields  
  124  8:18  Marine  
  133  8:27  Marine  
  133  8:29  Marine  
  133  8:30  Medivac x2, Widow Mine  
  133  8:33  Marine x2  
  143  8:35  Marine x4  
  143  8:36  Marauder  
  149  8:45  Marine  
  149  8:47  Barracks  
  150  8:49  Barracks  
  150  8:52  Supply Depot  
  150  8:53  Supply Depot, Barracks  
  150  8:54  Supply Depot, Marine x3  
  150  8:55  Marine x3  
  153  9:03  Marauder  
  153  9:05  Medivac  
  153  9:09  Supply Depot  
  157  9:13  Marine, Widow Mine x2  
  157  9:14  Medivac  
  157  9:17  Marine x4  
  168  9:25  Marauder  
  163  9:34  Marine x6  
  150  9:46  Marauder  
  150  9:47  Medivac x2  
  150  9:49  Marine x2  
  150  9:52  Marine  
  158  9:53  Marine x8  
  167  10:04  Widow Mine x2, Concussive Shells  
  167  10:07  Marine x2  
  171  10:08  Marauder  
  175  10:14  Marine  
  175  10:15  Marine x4  
  180  10:23  Terran Infantry Weapons Level 3  
  178  10:29  Marauder  
  165  10:43  Marine  
  165  10:49  Marine x10  
  158  10:50  Marauder, Terran Infantry Armor Level 3  
  158  10:56  Medivac x2  
  162  11:01  Marine  
  162  11:02  Planetary Fortress  
  163  11:06  Marine  
  163  11:07  Marine x5  
  169  11:12  Marauder  
  169  11:17  Marine x4  
  175  11:19  Marine  
  175  11:24  Marine x3  
  175  11:33  Marauder  
  175  11:39  Liberator x2  
  167  11:46  Widow Mine x2  
  163  11:47  Marine  
  163  11:48  Marine  
  163  11:49  Marine  
  172  11:54  Marauder  
  172  11:55  Marine  
  172  11:56  Barracks Tech Lab  
  172  11:57  Barracks Tech Lab x2, Marine x4  
  181  12:02  Barracks  
  181  12:03  Barracks x2  
  181  12:05  Marine  
  181  12:06  Marine  
  183  12:09  Marine  
  183  12:12  Marine  
  183  12:13  Command Center  
  185  12:16  Marauder  
  185  12:20  Marauder  
  189  12:22  Widow Mine x2  
  189  12:25  Marauder, Marine x5  
  191  12:39  Medivac x2  
  191  12:40  Marauder x2, Marine  
  200  12:49  Marauder  
  200  12:50  Marauder  
  200  12:51  Widow Mine  
  200  13:01  Liberator, Starport  
  200  13:02  Starport  
  197  13:22  Marauder  
  198  13:29  Marauder  
  194  13:39  Marauder x2, Marine x2  
  193  13:57  Marine x2  
  193  13:58  Marauder x2, Marine  
  193  14:02  Barracks Tech Lab x3  
  200  14:14  Starport Tech Lab  
  200  14:16  Starport Reactor  
  198  14:17  Missile Turret, Liberator x2  
  198  14:18  Planetary Fortress, Fusion Core  
  191  14:32  Marauder x2  
  191  14:34  Refinery  
  191  14:35  Marauder, Marine x2  
  191  14:36  Marauder x2, Marine x8  
  155  14:43  Medivac  
  155  14:45  Refinery  
  134  14:53  Marine x9  
  134  14:54  Marauder  
  134  14:57  Marauder  
  134  14:59  Medivac x2  
  150  15:00  Marine x2  
  146  15:08  Marauder  
  146  15:10  Marine  
  146  15:11  Marine x6  
  146  15:13  Medivac, Marine  
  155  15:16  Liberator  
  155  15:17  Medivac x2  
  155  15:18  Marauder  
  160  15:26  Liberator  
  156  15:29  Medivac  
  156  15:32  Marauder x2, Marine x10  
  156  15:33  Liberator, Marine x2  
  173  15:49  Command Center, Marauder  
  167  15:50  Marine x10  
  167  15:51  Marauder  
  178  16:00  Marauder x2  
  178  16:01  Liberator  
  177  16:05  Marauder  
  177  16:08  Marine  
  177  16:09  Marauder  
  182  16:11  Marauder, Marine  
  182  16:12  Marine x6  
  189  16:21  Advanced Ballistics  
  192  16:29  Marauder  
  192  16:30  Marauder x2  
  192  16:31  Marauder  
  200  16:53  Terran Ship Weapons Level 1  
  200  17:00  Planetary Fortress  
  200  17:06  Liberator x3  
  190  17:23  Liberator  
  190  17:29  Marauder  
  196  17:30  Missile Turret, Marauder x2  
  196  17:31  Marine  
  196  17:32  Marine x3  
  196  17:39  Liberator  
  196  17:44  Marauder, Marine  
  189  17:45  Marine x2  
  189  17:47  Marine  
  189  17:50  Marauder  
  191  17:52  Marine  
  191  17:54  Command Center  
  188  18:04  Command Center  
  188  18:05  Liberator  
  171  18:06  Medivac  
  171  18:08  Marauder  
  171  18:10  Marauder  
  171  18:12  Marauder  
  167  18:21  Marauder  
  167  18:22  Marauder, Marine  
  167  18:23  Marine  
  170  18:28  Marauder, Marine x5  
  170  18:29  Marine x3  
  175  18:34  Marauder  
  175  18:41  Marauder  
  176  18:43  Marauder  
  176  18:48  Marauder, Marine x8  
  180  18:49  Marauder, Marine x2  
  180  18:55  Marine  
  191  19:02  Marine  
  192  19:04  Marauder  
  192  19:06  Marine  
  192  19:07  Marauder x2  
  199  19:10  Marine  
  200  19:30  Missile Turret  
Tags
 
Add a new tag
Caveats
  • Supply blocks, unpowered buildings, or Contaminate may cause inaccurate times.
  • Supply counts are checked every 10 seconds.